 Dungeon Crawl Stone Soup version 0.27-a0-1144-g0b7d3b79db (webtiles) character file.

Game seed: 5141362958912844254

1 neco the Firebug (level 1, -1/11 HPs)
             Began as an Octopode Fire Elementalist on May 11, 2021.
             Frozen to death by an endoplasm (3 damage)
             ... on level 1 of the Dungeon.
             The game lasted 00:02:40 (321 turns).

neco the Firebug (Octopode Fire Elementalist)        Turns: 321, Time: 00:02:41

Health: -1/11      AC:  1    Str:  7    XL:     1   Next: 20%
Magic:  0/3        EV: 13    Int: 17    God:
Gold:   0          SH:  0    Dex: 12    Spells: 3/4 levels left

rFire    . . .     SeeInvis .   (no weapon)
rCold    . . .     Faith    .   (no shield)
rNeg     . . .     Spirit   .   (helmet restricted)
rPois    .         Reflect  .   (no amulet)
rElec    .         Harm     .   (no ring)
rCorr    .         Rampage  .   (no ring)
Will     .....                  (no ring)
Stlth    +++.......             (no ring)
HPRegen  0.03/turn              (no ring)
MPRegen  0.08/turn              (no ring)
                                (no ring)
                                (no ring)

@: no status effects
A: almost no armour, amphibious, 8 rings, camouflage 1, gelatinous body 1,
(nimble swimmer 1), tentacles
a: no special abilities


You were on level 1 of the Dungeon.
You visited 1 branch of the dungeon, and saw 1 of its levels.

Inventory:

Missiles
 b - 20 stones
Scrolls
 a - a scroll of identify {unknown}
 c - a scroll of blinking {unknown}


   Skills:
 + Level 2.1 Dodging
 + Level 2.6 Stealth
 + Level 2.0 Spellcasting
 + Level 1.0 Conjurations
 + Level 3.0 Fire Magic


You had 3 spell levels left.
You knew the following spells:

 Your Spells              Type           Power      Damage    Failure   Level
a - Foxfire               Conj/Fire      32%        2x1d5     9%          1

Your spell library contained the following spells:

 Spells                   Type           Power      Damage    Failure   Level
 Conjure Flame            Conj/Fire      8%         6-21      26%         3
 Inner Flame              Hex/Fire       6%         N/A       30%         3
 Sticky Flame             Conj/Fire      8%         2d3       63%         4
 Fireball                 Conj/Fire      4%         3d4       93%         5


Dungeon Overview and Level Annotations

Branches:
Dungeon (1/15)

Altars:


Innate Abilities, Weirdness & Mutations

You cannot wear most types of armour.
You are amphibious.
You can wear up to eight rings at the same time.
Your skin changes colour to match your surroundings (Stealth+).
Your rubbery body absorbs attacks. (AC +1, EV +1)
((You are camouflaged near water. (Stealth+)))
You have tentacles for arms and can constrict up to eight enemies at once.


Message History

Your foxfire dissipates!
Casting: Foxfire (safe; 9% risk of failure)
Confirm with . or Enter, or press ? or * to list all spells.
You conjure some foxfire!
Your foxfire dissipates!
The foxfire hits the endoplasm.
You kill the endoplasm!
You start resting.
Magic restored.
You start resting.
HP restored.
An endoplasm comes into view.
An endoplasm comes into view.
The endoplasm quivers.
Found a scroll labelled QASSEUXZUG.
The endoplasm jiggles.
Casting: Foxfire (safe; 9% risk of failure)
Confirm with . or Enter, or press ? or * to list all spells.
You conjure some foxfire!
The endoplasm hits you but does no damage.
Your foxfire dissipates!
The foxfire hits the endoplasm.
The endoplasm is almost dead.
You see here a scroll labelled QASSEUXZUG.
c - a scroll labelled QASSEUXZUG The endoplasm freezes you.
You are frozen.
Casting: Foxfire (safe; 9% risk of failure)
Confirm with . or Enter, or press ? or * to list all spells.
You conjure some foxfire!
The endoplasm freezes you.
You are frozen.
* * * LOW HITPOINT WARNING * * *
Your foxfire dissipates!
Casting: Foxfire (safe; 9% risk of failure)
Confirm with . or Enter, or press ? or * to list all spells.
You conjure some foxfire!
The endoplasm freezes you.
You are frozen.
You die...

#...............# ##..#.####
#.#########.....# #........#
#..............## #........#
#.............######........#
#.....<.....####............#
#...........# #..###........#
#...........# #. ##........#
..#########.###v###.........#
............#..v@J..#########
.###.#..#.......#####
............. ### ##.......
....... #######


You could see an endoplasm (ally target).

Vanquished Creatures
  An endoplasm (D:1)
1 creature vanquished.

Vanquished Creatures (others)
  2 foxfires (D:1)
2 creatures vanquished.

Grand Total: 3 creatures vanquished

Notes
Turn   | Place    | Note
-------+----------+-------------------------------------------
     0 | D:1      | neco the Octopode Fire Elementalist began the quest for the
                  | Orb.
     0 | D:1      | Reached XP level 1. HP: 11/11 MP: 3/3
   321 | D:1      | Frozen to death by an endoplasm

Illustrated notes

Levels and vault maps discovered:
D:1:      minmay_arrival_semitransparent, layout_rooms, serial_park_tiny_1,
          minmay_vboxes

Action                   || total
-------------------------++-------
Melee: Unarmed           ||     3
 Cast: Foxfire           ||     5
Armor: Skin              ||     1
Dodge: Dodged            ||     2

Table legend: (Time is in decaauts)
 A = Elapsed time spent in this place.
 B = Non-inter-level travel time spent in this place.
 C = Inter-level travel time spent in this place.
 D = Time resting spent in this place.
 E = Time spent auto-exploring this place.
 F = Levels seen in this place.
 G = Mean time per level.
                   A        B        C        D        E       F      G
               +--------+--------+--------+--------+--------+-----+--------+
         Total |    321 |    321 |      0 |    192 |      0 |   1 |  321.0 |
       Dungeon |    321 |    321 |      0 |    192 |      0 |   1 |  321.0 |
               +--------+--------+--------+--------+--------+-----+--------+

Top non-repeatable levels by time:
     D:1: 321 daAuts
